 Dungeon Crawl Stone Soup version 0.19-a0-1532-g228a5d9 (webtiles) character file.

135 junb69 the Chopper (level 4, -1/41 HPs)
             Began as a Minotaur Gladiator on Sept 13, 2016.
             Slain by an orc
             ... wielding a +0 whip
              (3 damage)
             ... on level 4 of the Dungeon.
             The game lasted 00:02:02 (271 turns).

junb69 the Chopper (Minotaur Gladiator)              Turns: 271, Time: 00:02:03

Health: -1/41      AC:  3    Str: 20    XL:     4   Next: 96%
Magic:  3/3        EV: 12    Int:  5    God:
Gold:   16         SH:  3    Dex: 11    Spells: 0 memorised, 3 levels left

rFire  . . .     SeeInvis .     a - +0 war axe
rCold  . . .     Gourm    .     b - +0 leather armour
rNeg   . . .     Faith    .     m - +0 buckler
rPois  .         Spirit   .     c - +0 hat
rElec  .         Dismiss  .     (no cloak)
rCorr  .         Reflect  .     (no gloves)
MR     .....     Harm     .     (no boots)
Stlth  +.........               (no amulet)
                                (no ring)
                                (no ring)

@: no status effects
A: retaliatory headbutt, horns 2
a: no special abilities


You were on level 4 of the Dungeon.
You were not hungry.

You visited 1 branch of the dungeon, and saw 4 of its levels.

You collected 16 gold pieces.

Inventory:

Hand Weapons
 a - a +0 war axe (weapon)
Missiles
 d - 2 throwing nets (quivered)
Armour
 b - a +0 leather armour (worn)
 c - a +0 hat (worn)
 m - a +0 buckler (worn)
Jewellery
 l - a +3 amulet of reflection {unknown}
Scrolls
 e - a scroll of fear
 i - a scroll of identify {unknown}
 k - a scroll of fog {unknown}
 n - a scroll of enchant weapon {unknown}
Potions
 j - a potion of curing {unknown}
Comestibles
 f - 2 bread rations
 h - 7 chunks of flesh


   Skills:
 * Level 4.8 Fighting
 * Level 5.4 Axes
 - Level 2.0 Throwing
 - Level 3.2 Dodging


You had 3 spell levels left.
You didn't know any spells.

Dungeon Overview and Level Annotations

Branches:
Dungeon (4/15)
 Temple: D:4-7

Altars:
Ru

Shops:
D:4 [


Innate Abilities, Weirdness & Mutations

You reflexively headbutt those who attack you in melee.
You have a pair of horns on your head.


Message History

You headbutt the orc priest. The orc hits you with a flail.
The giant gecko bites you. The orc priest barely misses you.
Your shield prevents you from hitting the orc priest.
The orc priest is moderately wounded.
You slash the giant gecko!
You kill the giant gecko!
You slash the orc!
You kill the orc!
You barely miss the orc. The orc hits you with a flail.
The orc priest invokes the aid of Beogh against you.
Beogh smites you!
An ogre comes into view. It is wielding a giant club.
You barely miss the orc priest. Your headbutt misses the orc priest.
The orc priest is moderately wounded.
You closely miss the orc. x2; The orc hits you with a flail!
* * * LOW HITPOINT WARNING * * *
The orc hits you with a whip.
* * * LOW HITPOINT WARNING * * *
You block the orc priest's attack. The orc hits you with a whip.
You die...

##.#...##.....# *,** **,**
#.#.######.#.## *.# **,,*
#.#..#.....#..###.* **,,**
#.##........#....,####.,**
#.####......##..##....,** ** #.#
#....#.###.....#*** ***, #.#
######.##......###******,,,
#.#########...†oo?...O.,>,,,,,*,
##.##.$.....#...@o......,,******,
#..##................###*,,,,,,,,
#.###.........#......# *****,***
#.# #.......####.....# *,* #.#
#.......# ##..#.# ***,*
#.###.......# *#...# **,,,*
........)...# *#### *,,***
............# *,** *
............# *,* *


You could see an ogre, an orc priest and 2 orcs.

Vanquished Creatures
  An ogre (D:4)
  2 adders
  An ooze (D:1)
  An adder skeleton (D:4)
  2 dart slugs
  A giant gecko (D:4)
  An orc (D:4)
  2 bats (D:2)
  2 goblins
  A hobgoblin (D:2)
  4 kobolds
  A giant newt (D:4)
  2 rats
21 creatures vanquished.

Notes
Turn   | Place    | Note
-------+----------+-------------------------------------------
     0 | D:1      | junb69 the Minotaur Gladiator began the quest for the Orb.
     0 | D:1      | Reached XP level 1. HP: 18/18 MP: 0/0
    39 | D:1      | Reached XP level 2. HP: 26/26 MP: 1/1
    46 | D:1      | Reached skill level 4 in Axes
    75 | D:2      | Reached XP level 3. HP: 24/31 MP: 2/2
   116 | D:3      | Found a sacrificial altar of Ru.
   163 | D:4      | Noticed an ogre
   170 | D:4      | Killed an ogre
   170 | D:4      | Reached skill level 5 in Axes
   170 | D:4      | Reached XP level 4. HP: 37/41 MP: 3/3
   214 | D:4      | Found Relomiguma's Antique Armour Shoppe.
   271 | D:4      | Noticed an ogre
   271 | D:4      | HP: 2/41 [orc/whip (4)]
   271 | D:4      | Slain by an orc

Vault maps used:
D:1:      dpeg_arrival_leaves_temple_mockup
D:2:      minmay_misc_feat_columns
D:3:      first_bread, nicolae_ru_awakened_eye
D:4:      enter_ossuary_4, serial_shops, nicolae_shop_crystal, uniq_menkaure,
          uniq_pikel, uniq_eustachio

Skill      XL: |  1  2  3 |
---------------+----------+-----
Fighting       | 3 4 |  4.8
Axes           | 4 5 |  5.4
Throwing       | |  2.0
Dodging        | |  3.2

Action                   |  1- 3 |  4- 6 || total
-------------------------+-------+-------++-------
Melee: War axe           |    26 |     8 ||    34
       Headbutt          |     7 |       ||     7
Throw: Throwing net      |     1 |       ||     1
  Use: Scroll            |       |     2 ||     2
Armor: Leather armour    |     8 |     4 ||    12
Dodge: Dodged            |    24 |     8 ||    32
Block: Buckler           |       |     1 ||     1
